 Dungeon Crawl Stone Soup version 0.28-a0-105-g49a0850c41 (webtiles) character file.

4337 Mindmaker the Fighter (level 10, 105/110 HPs)
             Began as an Ogre Chaos Knight on Aug 23, 2016.
             Was a Plaything of Xom.
             Quit the game on level 8 of the Dungeon on Aug 11, 2021.
             The game lasted 00:39:53 (7561 turns).

Mindmaker the Fighter (Ogre Chaos Knight)           Turns: 7561, Time: 00:39:53

Health: 105/110    AC:  9    Str: 21    XL:     10   Next: 33%
Magic:  10/10      EV: 17    Int: 11    God:    Xom [..*...]
Gold:   375        SH:  6    Dex: 12    Spells: 9/9 levels left

rFire   . . .      SeeInvis .   o - +1 dire flail
rCold   . . .      Faith    .   (shield currently unavailable)
rNeg    . . .      Spirit   .   b - +2 robe
rPois   .          Reflect  .   (helmet restricted)
rElec   .          Harm     .   q - +0 cloak
rCorr   .          Rampage  .   (gloves unavailable)
Will    +....                   (boots unavailable)
Stlth   +.........              (no amulet)
HPRegen 0.28/turn               w - +5 ring of evasion
MPRegen 0.12/turn               (no ring)

@: no status effects
A: large, unfitting armour, tough skin 1, large bone plates 2, molten scales 1,
mutation resistance 1, screaming 1, shaggy fur 1, strong 1
a: Renounce Religion


You were on level 8 of the Dungeon.
You worshipped Xom.
You were a toy of Xom.
You visited 2 branches of the dungeon, and saw 9 of its levels.

You collected 375 gold pieces.

Inventory:

Hand Weapons
 a - a +1 mace of chaos
 e - a +1 flail
 i - a +0 giant club
 o - a +1 dire flail (weapon)
Missiles
 s - 2 javelins (quivered)
 A - 4 boomerangs
 C - 4 boomerangs
Armour
 b - a +2 robe (worn)
 q - a +0 cloak (worn)
 G - a +0 robe of willpower
Jewellery
 w - a +5 ring of evasion (left hand)
 z - an amulet of harm
Wands
 u - a wand of charming
 x - a wand of paralysis (15)
Scrolls
 f - a scroll of removedness
 g - a scroll of identify
 k - a scroll of blinking {unknown}
 l - a scroll of teleportation
 m - 2 scrolls of amnesia
 p - 2 scrolls of enchant weapon
 r - a scroll of enchant armour {unknown}
 t - a scroll of fear {unknown}
 v - 3 scrolls of magic mapping {unknown}
 y - 2 scrolls of immolation {unknown}
Potions
 d - 6 potions of curing
 h - a potion of heal wounds
 B - a potion of haste
 D - a potion of attraction
 F - a potion of degeneration {unknown}
Comestibles
 c - 5 removed foods
 j - 2 removed foods
 n - 3 removed foods
 E - 3 removed foods


   Skills:
 + Level 10.1 Fighting
 - Level 9.5 Maces & Flails
 - Level 8.0 Dodging


You had 9 spell levels left.
You didn't know any spells.
Your spell library was empty.

Dungeon Overview and Level Annotations

Branches:
Dungeon (8/15)             Temple (1/1) D:6
   Lair: D:8-11

Altars:
Ashenzari
Cheibriados
Dithmenos
Elyvilon
Fedhas
Gozag
Hepliaklqana
Kikubaaqudgha
Makhleb
Nemelex Xobeh
Qazlal
Ru
Sif Muna
Trog
Uskayaw
Vehumet
Xom
Yredelemnul
Zin
The Shining One


Innate Abilities, Weirdness & Mutations

You are too large for most types of armour.
You have tough skin. (AC +1)
You are mostly covered in large bone plates. (SH +6)
You are partially covered in molten scales. (AC +2)
You are somewhat resistant to further mutation.
You occasionally shout uncontrollably at your foes.
You are covered in fur. (AC +1)
Your muscles are strong. (Str +2)


Message History

a mace; a leather armour You swap places.
Things that are here:
a dagger; an embroidered robe
G - an embroidered robe Wear which item? (? for menu, Esc to quit)
You finish taking off your +2 robe.
You finish putting on your +0 robe of magic resistance.
You feel resistant to hostile enchantments.
Wear which item? (? for menu, Esc to quit)
You finish taking off your +0 robe of magic resistance.
You feel less resistant to hostile enchantments.
You finish putting on your +2 robe.
Eating one of 4 chunks of flesh.
You start eating one of the 4 chunks of flesh.
You are feeling hungry.
You finish eating.
This raw flesh tastes terrible.
A giant frog comes into view.
The giant frog gives a loud, deep croak!
Found a giant spiked club.
A giant frog is nearby!
Really walk into a travel-excluded area? [Y]es or [N]o only, please.
Really walk into a travel-excluded area?
Okay, then.
The giant frog is engulfed in noxious fumes.
The giant frog appears confused.
Save game and exit?
Your Maces & Flails skill lost 4 levels and is now at level 9!
Welcome back, Mindmaker the Ogre Chaos Knight.
Xom says: I'm watching you, my prodigal child.
Press ? for a list of commands and other information.
Are you sure you want to abandon this character and quit the game? (Confirm with "yes".)

#... #......
...###≈≈≈≈≈..
##...#≈≈...≈≈.
#....#≈..☼..).
##.....≈.._..≈#
#......≈..F..!# ..
.......)≈...≈≈# ...
........≈≈≈≈≈# #...
##.##..@.....##....
##.5...........
##............ ..##
##........... #
#..####.).........
.##.
##.....#.)[..###..
....#
#..#.....[(..#
....##..####5.....#
#.....# #).....#


You could see a bullfrog (confused) and a friendly iron imp (summoned).

Vanquished Creatures
  The ghost of Vergil the Carver, a novice DsAr of Vehumet (D:8)
  Maurice (D:8)
  Grinder (D:4)
  Eustachio (D:4)
  A removed hungry ghost (D:7)
  A water moccasin (D:7)
  A phantom (D:3)
  2 ogres
  An ice beast (D:5)
  2 orc warriors (D:7)
  2 sky beasts
  2 centaurs
  A kobold brigand (D:8)
  3 bullfrogs (D:6)
  A scorpion (D:8)
  13 wights
  2 howler monkeys (D:5)
  4 crimson imps
  2 bullfrog skeletons
  A centaur zombie (D:5)
  A removed wasp zombie (D:6)
  3 hounds
  Crazy Yiuf (D:6)
  A jelly (D:5)
  9 orc wizards
  A gnoll shaman (D:5)
  2 removed worker ants
  A killer bee zombie (D:5)
  5 hound zombies
  A hound skeleton (D:7)
  A removed worker ant zombie (D:6)
  9 gnolls
  A howler monkey skeleton (D:7)
  8 adders
  A shadow imp (D:5)
  An endoplasm (D:3)
  An adder zombie (D:6)
  An adder skeleton (D:4)
  3 worms
  A dart slug (D:3)
  25 orcs
  3 removed leopard geckos
  A ball python (D:2)
  4 giant cockroaches
  11 goblins
  9 hobgoblins
  7 jackals
  14 kobolds
  2 quokkas
  10 bats
  4 frilled lizards
  A jackal skeleton (D:5)
  2 jackal zombies (D:6)
  A quokka skeleton (D:4)
  2 quokka zombies
  6 rats
  A removed leopard gecko skeleton (D:6)
198 creatures vanquished.

Vanquished Creatures (collateral kills)
  An orc wizard (D:4)
  Terence (D:2)
  2 orcs
  2 jackals (D:5)
6 creatures vanquished.

Vanquished Creatures (others)
  2 ogres (D:8)
  A kobold brigand (D:8)
  An orc priest (D:8)
  2 orc wizards (D:8)
  A removed worker ant (D:8)
  An orc (D:8)
8 creatures vanquished.

Grand Total: 212 creatures vanquished

Notes
Turn   | Place    | Note
-------+----------+-------------------------------------------
     0 | D:1      | Mindmaker the Ogre Chaos Knight began the quest for the
                  | Orb.
     0 | D:1      | Reached XP level 1. HP: 24/24 MP: 1/1
    31 | D:1      | XOM: harmless Ice miscast
   148 | D:1      | Reached XP level 2. HP: 24/32 MP: 2/2
   541 | D:1      | XOM: harmless Ice miscast
   729 | D:1      | XOM: potion effect (invisibility)
   796 | D:1      | Noticed a crimson imp
   797 | D:1      | XOM: noise
   809 | D:1      | Killed a crimson imp
   809 | D:1      | Reached skill level 5 in Maces & Flails
   809 | D:1      | Reached XP level 3. HP: 34/39 MP: 3/3
   809 | D:1      | Reached XP level 4. HP: 42/48 MP: 4/4
   902 | D:2      | Noticed Terence
  1048 | D:2      | XOM: noise
  1205 | D:2      | XOM: summons 4 friendly demons
  1209 | D:2      | Killed Terence
  1246 | D:2      | XOM: god gift: 5 fruits
  1313 | D:2      | XOM: 4-stop teleportation journey
  1599 | D:2      | XOM: summons 2 hostile demons
  1887 | D:3      | Reached XP level 5. HP: 47/54 MP: 5/5
  1992 | D:3      | XOM: scenery: 1 doors open
  2003 | D:3      | XOM: harmless Summ miscast
  2108 | D:3      | XOM: harmless Pois miscast
  2132 | D:3      | XOM: 1-stop teleportation journey
  2216 | D:3      | Noticed a phantom
  2229 | D:3      | XOM: noise
  2245 | D:3      | XOM: scenery: create altars
  2530 | D:3      | XOM: cloud trail
  2581 | D:3      | XOM: cast spell 'Monstrous Menagerie'
  2740 | D:3      | XOM: give mutations
  2740 | D:3      | Gained mutation: You are partially covered in large bone
                  | plates. (SH +4) [Xom's grace]
  2740 | D:3      | Gained mutation: You are strong-willed. (Will+) [Xom's
                  | grace]
  2740 | D:3      | Gained mutation: You are highly strong-willed. (Will++)
                  | [Xom's grace]
  2805 | D:3      | XOM: 4-stop teleportation journey
  2968 | D:3      | XOM: scenery: 2 doors close
  3083 | D:3      | XOM: god gift: 2 javelins of penetration
  3113 | D:4      | Noticed an ogre
  3125 | D:4      | XOM: noise
  3131 | D:4      | Killed an ogre
  3131 | D:4      | Reached XP level 6. HP: 29/62 MP: 6/6
  3150 | D:4      | Noticed Grinder
  3161 | D:4      | Gained mutation: You are covered in fur. (AC +1) [potion of
                  | mutation]
  3161 | D:4      | Gained mutation: You are partially covered in molten
                  | scales. (AC +2) [potion of mutation]
  3161 | D:4      | XOM: stat loss: -1 Str (17/18)
  3163 | D:4      | XOM: summons friendly ufetubus
  3170 | D:4      | Killed Grinder
  3170 | D:4      | Reached skill level 5 in Dodging
  3170 | D:4      | Reached XP level 7. HP: 17/70 MP: 7/7
  3171 | D:4      | XOM: swap monsters
  3343 | D:3      | XOM: cleaving
  3347 | D:3      | XOM: confusion
  3349 | D:3      | XOM: fog
  3379 | D:3      | XOM: mild Tmut miscast
  3702 | D:4      | XOM: 1-stop teleportation journey
  3789 | D:4      | Found a shimmering altar of Xom.
  3835 | D:4      | XOM: medium Ice miscast
  3973 | D:5      | Entered Level 5 of the Dungeon
  3973 | D:5      | Noticed Eustachio
  3976 | D:4      | Gained mutation: You are clumsy. (Dex -2) [potion of
                  | mutation]
  3976 | D:4      | Gained mutation: Your muscles are strong. (Str +2) [potion
                  | of mutation]
  4018 | D:4      | XOM: confuse monster(s)
  4031 | D:4      | Killed Eustachio
  4031 | D:4      | Reached skill level 6 in Fighting
  4068 | D:5      | XOM: 2-stop teleportation journey
  4098 | D:5      | Reached XP level 8. HP: 81/84 MP: 8/8
  4114 | D:5      | Reached skill level 7 in Fighting
  4313 | D:5      | Lost mutation: You are clumsy. (Dex -2) [mutagenic meat]
  4314 | D:5      | XOM: 5-stop teleportation journey
  4316 | D:5      | Gained mutation: Your spells are a little easier to cast,
                  | but a little less powerful. [mutagenic meat]
  4722 | D:5      | XOM: harmless Tmut miscast
  4858 | D:5      | XOM: give mutations
  4858 | D:5      | Gained mutation: You are robust. (+10% HP) [Xom's mischief]
  4858 | D:5      | Lost mutation: Your spells are a little easier to cast, but
                  | a little less powerful. [Xom's mischief]
  4858 | D:5      | Gained mutation: You are somewhat resistant to further
                  | mutation. [Xom's mischief]
  4858 | D:5      | Lost mutation: You are highly strong-willed. (Will++)
                  | [Xom's mischief]
  4929 | D:5      | XOM: mild Conj miscast
  5022 | D:5      | XOM: give mutations
  5022 | D:5      | Gained mutation: Scrolls take you a little longer to read.
                  | [Xom's mischief]
  5022 | D:5      | Gained mutation: You are mostly covered in large bone
                  | plates. (SH +6) [Xom's mischief]
  5022 | D:5      | Lost mutation: Scrolls take you a little longer to read.
                  | [Xom's mischief]
  5022 | D:5      | Lost mutation: You are strong-willed. (Will+) [Xom's
                  | mischief]
  5037 | D:5      | Paralysed by a gnoll for 4 turns
  5190 | D:5      | XOM: severe Divn miscast
  5282 | D:6      | Reached skill level 10 in Maces & Flails
  5405 | D:6      | XOM: harmless Necr miscast
  5434 | D:6      | Reached XP level 9. HP: 90/102 MP: 9/9
  5448 | D:6      | XOM: enchant monster (bad)
  5529 | D:6      | XOM: harmless Chrm miscast
  5544 | D:6      | XOM: enchant monster (bad)
  5577 | D:6      | XOM: mild Fire miscast
  5588 | D:6      | Found a staircase to the Ecumenical Temple.
  5603 | Temple   | Entered the Ecumenical Temple
  5865 | D:6      | Found an opulent altar of Gozag.
  5906 | D:6      | Found an ancient bone altar of Kikubaaqudgha.
  5926 | D:6      | Found a sacrificial altar of Ru.
  5926 | D:6      | Found a sparkling altar of Nemelex Xobeh.
  5927 | D:6      | Found a glowing silver altar of Zin.
  5996 | D:6      | Found a runed door.
  6049 | D:6      | XOM: give mutations
  6049 | D:6      | Lost mutation: You are robust. (+10% HP) [Xom's mischief]
  6049 | D:6      | Gained mutation: You occasionally shout uncontrollably at
                  | your foes. [Xom's mischief]
  6049 | D:6      | Gained mutation: Scrolls take you a little longer to read.
                  | [Xom's mischief]
  6049 | D:6      | Gained mutation: Scrolls take you longer to read. [Xom's
                  | mischief]
  6143 | D:6      | Noticed Crazy Yiuf
  6158 | D:6      | Killed Crazy Yiuf
  6312 | D:7      | XOM: noise
  6354 | D:7      | Found a white marble altar of Elyvilon.
  6356 | D:7      | Found a snail-covered altar of Cheibriados.
  6494 | D:7      | Found a shattered altar of Ashenzari.
  6562 | D:7      | XOM: give mutations
  6562 | D:7      | Gained mutation: You are dopey. (Int -2) [Xom's mischief]
  6562 | D:7      | Lost mutation: You occasionally shout uncontrollably at
                  | your foes. [Xom's mischief]
  6562 | D:7      | Lost mutation: You are dopey. (Int -2) [Xom's mischief]
  6597 | D:7      | Gained mutation: You occasionally shout uncontrollably at
                  | your foes. [potion of mutation]
  6611 | D:7      | XOM: swap monsters
  6634 | D:7      | XOM: potion effect (invisibility)
  6865 | D:7      | Found a blossoming altar of Fedhas.
  7027 | D:7      | XOM: enchant monster (good)
  7285 | D:8      | XOM: divination: detect items
  7291 | D:8      | Reached XP level 10. HP: 102/102 MP: 10/10
  7374 | D:8      | Noticed Maurice
  7385 | D:8      | Killed Maurice
  7385 | D:8      | Reached skill level 8 in Fighting
  7438 | D:8      | Noticed Vergil's ghost (novice DsAr)
  7445 | D:8      | XOM: summons friendly iron imp
  7450 | D:8      | Killed Vergil's ghost
  7450 | D:8      | Reached skill level 9 in Fighting
  7486 | D:8      | Reached skill level 10 in Fighting
  7522 | D:8      | Found a shimmering altar of Xom.
  7561 | D:8      | Quit the game

Illustrated notes

Levels and vault maps discovered:
D:1:      elethiomel_arrival_maze
D:2:      first_bread, uniq_terence
D:4:      kennysheep_mini_moat, portal_sewer_entry_d,
          kennysheep_generic_room_14, uniq_grinder
D:5:      st_stairs_7, uniq_eustachio
D:6:      lemuel_round_altar, grunt_temple_overflow_open, serial_undead,
          serial_undead_a, serial_undead_a, serial_undead_a, serial_undead_b,
          uniq_crazy_yiuf_cottage
D:7:      corexii_shack_village, nicolae_overflow_hidden_temple,
          ashenzari_altar_1
D:8:      serial_shops, kennysheep_mini, hangedman_little_slice_of_home,
          grunt_ministairs_4, xom_confusion_cloud, uniq_maurice
Temple:   jpeg_temple_clearing

Skill      XL: |  1  2  3  4  5  6  7  8  9 10 |
---------------+-------------------------------+-----
Dodging        | 3 4 5 6 7 8 |  8.0
Maces & Flails | 5 6 7 10 13 9 |  9.5
Fighting       | 6 7 10 | 10.1

Action                   |  1- 3 |  4- 6 |  7- 9 | 10-12 || total
-------------------------+-------+-------+-------+-------++-------
Melee: Mace              |    83 |   214 |   259 |       ||   556
       Flail             |       |       |    92 |       ||    92
       Dire flail        |       |       |   166 |    58 ||   224
Throw: Javelin           |       |       |     1 |       ||     1
Evoke: Wand              |       |       |     2 |     2 ||     4
  Use: Scroll            |       |     4 |     6 |       ||    10
       Potion            |       |     1 |    10 |       ||    11
 Stab: Invisible         |     2 |       |     3 |       ||     5
       Confused          |       |     1 |     7 |       ||     8
       Petrified         |       |     1 |       |       ||     1
       Paralysed         |       |     2 |     2 |     5 ||     9
       Sleeping          |       |       |     2 |       ||     2
       Distracted        |       |       |       |     1 ||     1
  Eat: Removed food      |       |     8 |    16 |     1 ||    25
       Removed food      |       |       |     1 |       ||     1
       Removed food      |       |       |     2 |       ||     2
Armor: Robe              |    39 |    59 |   158 |    12 ||   268
       Skin              |       |       |    20 |       ||    20
Dodge: Dodged            |    50 |    91 |   244 |    36 ||   421
Block: Other             |       |     3 |    43 |     3 ||    49

Table legend: (Time is in decaauts)
 A = Elapsed time spent in this place.
 B = Non-inter-level travel time spent in this place.
 C = Inter-level travel time spent in this place.
 D = Time resting spent in this place.
 E = Time spent auto-exploring this place.
 F = Levels seen in this place.
 G = Mean time per level.
                   A        B        C        D        E       F      G
               +--------+--------+--------+--------+--------+-----+--------+
         Total |   2298 |   2281 |     17 |     51 |    285 |   9 |  255.3 |
       Dungeon |   2270 |   2254 |     16 |     49 |    275 |   8 |  283.8 |
        Temple |     28 |     27 |      1 |      2 |     10 |   1 |   28.0 |
               +--------+--------+--------+--------+--------+-----+--------+
